 Dungeon Crawl Stone Soup version 0.27.0-1-g7a089689b8 (webtiles) character file.

Game seed: 15108287473658363796

432 mainiacjoe the Ruffian (level 6, 0/62 HPs)
             Began as a Troll Fighter on Aug 9, 2021.
             Slain by a goblin (2 damage)
             ... led by Robin
             ... on level 4 of the Dungeon.
             The game lasted 00:04:19 (2195 turns).

mainiacjoe the Ruffian (Troll Fighter)              Turns: 2195, Time: 00:04:20

Health: 0/62       AC:  4    Str: 26    XL:     6   Next: 67%
Magic:  0/5        EV:  8    Int:  4    God:
Gold:   117        SH:  9    Dex: 10    Spells: 5/5 levels left

rFire    + . .     SeeInvis .     - Unarmed
rCold    . . .     Faith    .   b - +0 kite shield
rNeg     + . .     Spirit   +   h - +0 robe {rN+}
rPois    .         Reflect  .   (helmet restricted)
rElec    .         Harm     .   (no cloak)
rCorr    .         Rampage  .   (gloves unavailable)
Will     .....                  (boots unavailable)
Stlth    +.........             u - amulet of guardian spirit
HPRegen  1.20/turn              j - ring of protection from fire
MPRegen  0.09/turn              (no ring)

@: mighty, lethally poisoned (0 -> 0)
A: large, unfitting armour, claws 3, regeneration 1, shaggy fur 1, tough skin 1
a: no special abilities


You were on level 4 of the Dungeon.
You visited 1 branch of the dungeon, and saw 4 of its levels.

You collected 117 gold pieces.

Inventory:

Missiles
 l - 46 sling bullets
 o - 81 stones (quivered)
 t - 5 poisoned darts
Armour
 a - a +0 robe
 b - a +0 kite shield (worn)
 h - a +0 robe of positive energy (worn)
Jewellery
 j - a ring of protection from fire (left claw)
 n - a ring of see invisible
 u - an amulet of guardian spirit (around neck)
 v - an amulet of faith
Scrolls
 d - a scroll of vulnerability {unknown}
 f - a scroll of identify {unknown}
 g - a scroll of enchant weapon {unknown}
 i - a scroll of magic mapping {unknown}
 k - a scroll of immolation
 p - a scroll of enchant armour {unknown}
 w - a scroll of acquirement {unknown}
 x - a scroll of summoning {unknown}
Potions
 c - 2 potions of might
 e - a potion of curing {unknown}
 m - a potion of degeneration {unknown}
 q - a potion of mutation {unknown}
 r - a potion of invisibility {unknown}
 s - a potion of berserk rage {unknown}


   Skills:
 + Level 3.8 Fighting
 + Level 2.3 Throwing
 - Level 2.4 Dodging
 - Level 2.4 Shields
 * Level 5.5 Unarmed Combat


You had 5 spell levels left.
You didn't know any spells.
Your spell library contained the following spells:

 Spells                   Type           Power      Damage    Failure   Level
 Call Canine Familiar     Summ           0%         N/A       100%        3
 Portal Projectile        Hex/Tloc       0%         N/A       100%        3
 Tukima's Dance           Hex            0%         N/A       100%        3
 Leda's Liquefaction      Hex/Erth       0%         N/A       100%        4
 Passage of Golubria      Tloc           N/A        N/A       100%        4
 Yara's Violent Unravell  Hex/Tmut       0%         3d3       100%        5


Dungeon Overview and Level Annotations

Branches:
Dungeon (4/15)
 Temple: D:4-7

Altars:

Shops:
D:4 (

Annotations:
D:4 2 exclusions, Robin


Innate Abilities, Weirdness & Mutations

You are too large for most types of armour.
You have claws for hands.
Your natural rate of healing is unusually fast.
You are covered in fur. (AC +1)
You have tough skin. (AC +1)


Message History

The scorpion poisons you! You block the goblin's attack.
The goblin closely misses you. The scorpion stings you.
The goblin barely misses you.
You scratch the scorpion but do no damage.
The scorpion is almost dead.
You feel very sick.
The hobgoblin no longer looks unusually strong.
You block the goblin's attack. The goblin barely misses you.
You block the scorpion's attack.
Robin says, "A pitiful Troll like you will never find the ORB!"
Robin throws the goblin at you! You block the goblin's attack.
You barely miss the scorpion.
The scorpion is almost dead.
You feel very sick. The goblin barely misses you.
The scorpion completely misses you. The goblin hits you with a +0 dagger.
Robin roars a battlecry!
The goblins go into a battle-frenzy!
The goblin hits you but does no damage.
You completely miss the scorpion.
The scorpion is almost dead.
You feel sick. You block the scorpion's attack.
The goblin hits you with a +0 club. The goblin hits you with a +0 dagger.
* * * LOW HITPOINT WARNING * * *
Robin hits you but does no damage. The goblin hits you with a +0 club.
* * * LOW HITPOINT WARNING * * *
The scorpion stings you but does no damage.
You claw the scorpion!
You kill the scorpion!
You feel sick. You block the goblin's attack.
The goblin hits you with a +0 dagger.
* * * LOW HITPOINT WARNING * * *
You block the hobgoblin's attack. You block Robin's attack.
The goblin hits you with a +0 club.
* * * LOW HITPOINT WARNING * * *
The goblin hits you with a +0 club.
* * * LOW HITPOINT WARNING * * *
You feel very mighty all of a sudden.
You feel sick. The goblin hits you with a +0 dagger.
You die...

...#># ..
###.... .#
#.....# .#
#.....###.###..#
#......)†)......
#.......g#
#....g##)..#
#...g.####..#
#>..g@# ...$∩
#...gg# ..$$$
#.....# #...#
##.#### ..## #.#
.# #.# ##.#
##..# #..## #


You could see Robin, a hobgoblin (strong) and 3 goblins.

Vanquished Creatures
  Menkaure (D:4)
  A scorpion (D:4)
  An orc priest (D:3)
  Terence (D:3)
  Natasha (thrice) (D:3)
  4 adders
  A worm (D:3)
  A dart slug (D:3)
  7 orcs (D:3)
  5 endoplasms
  A giant cockroach (D:2)
  16 goblins
  8 hobgoblins
  3 jackals (D:3)
  9 ball pythons
  8 bats
  2 frilled lizards
  5 kobolds
  6 rats
83 creatures vanquished.

Notes
Turn   | Place    | Note
-------+----------+-------------------------------------------
     0 | D:1      | mainiacjoe the Troll Fighter began the quest for the Orb.
     0 | D:1      | Reached XP level 1. HP: 22/22 MP: 0/0
   202 | D:1      | Reached XP level 2. HP: 29/29 MP: 1/1
   658 | D:2      | Reached skill level 3 in Unarmed Combat
   660 | D:2      | Found a faded altar of an unknown god.
   684 | D:2      | Reached XP level 3. HP: 36/36 MP: 2/2
  1401 | D:3      | Reached XP level 4. HP: 45/45 MP: 3/3
  1408 | D:3      | Noticed Natasha
  1418 | D:3      | Killed Natasha
  1466 | D:3      | Noticed Natasha
  1470 | D:3      | Noticed Terence
  1477 | D:3      | Killed Natasha
  1478 | D:3      | Reached skill level 1 in Throwing
  1478 | D:3      | Reached skill level 4 in Unarmed Combat
  1493 | D:3      | Killed Terence
  1494 | D:3      | Reached XP level 5. HP: 53/53 MP: 4/4
  1529 | D:3      | Noticed Natasha
  1538 | D:3      | Killed Natasha
  2066 | D:4      | Noticed Menkaure
  2071 | D:4      | Killed Menkaure
  2072 | D:4      | Reached skill level 5 in Unarmed Combat
  2072 | D:4      | Reached XP level 6. HP: 62/62 MP: 5/5
  2169 | D:4      | Found Vonobat's Weapon Boutique.
  2172 | D:4      | Noticed Robin
  2194 | D:4      | HP: 2/62 [goblin[Robin] (4)]
  2195 | D:4      | Slain by a goblin

Illustrated notes

Levels and vault maps discovered:
D:1:      lemuel_arrival_river_bridge, layout_loops_ring, minmay_bisected
D:2:      layout_loops_ring, hellmonk_ecumenical_altar_leap_of_faith,
          serial_rivers, chequers_serial_rivers_micro_c,
          chequers_serial_rivers_small_a, chequers_serial_rivers_micro_e,
          chequers_serial_rivers_room_b
D:3:      layout_rooms, minmay_misc_feat_diagonals, uniq_natasha, uniq_terence
D:4:      layout_rooms, nicolae_ossuary_entry_false_entrances, serial_shops,
          shop_coins, uniq_robin, uniq_menkaure

Skill      XL: |  1  2  3  4  5 |
---------------+----------------+-----
Unarmed Combat | 3 4 5 |  5.5
Fighting       | 3 |  3.8
Throwing       | 1 2 |  2.3
Dodging        | |  2.4
Shields        | |  2.4

Action                   |  1- 3 |  4- 6 || total
-------------------------+-------+-------++-------
Melee: Unarmed           |    89 |   122 ||   211
Throw: Stone             |    17 |    59 ||    76
  Use: Scroll            |     2 |       ||     2
       Potion            |       |     1 ||     1
 Stab: Distracted        |       |     1 ||     1
Armor: Robe              |    27 |    27 ||    54
       Skin              |       |     7 ||     7
Dodge: Dodged            |    23 |    59 ||    82
Block: Kite shield       |    37 |    51 ||    88
